 Dungeon Crawl Stone Soup version 0.27-a0-1319-geec4fb4e21 (webtiles) character file.

Game seed: 11718927097209360767

7598 spiderkeys the Envoy of Void (level 11, -4/78 HPs)
             Began as an Octopode Abyssal Knight on June 22, 2021.
             Was a High Priest of Lugonu.
             Slain by a catoblepas (32 damage)
             ... on level 8 of the Dungeon.
             The game lasted 00:28:36 (13925 turns).

spiderkeys the Envoy of Void (OpAK)                Turns: 13925, Time: 00:28:36

Health: -4/78      AC:  1    Str: 17    XL:     11   Next: 17%
Magic:  5/5        EV: 16    Int: 15    God:    Lugonu [*****.]
Gold:   432        SH: 15    Dex: 23    Spells: 10/10 levels left

rFire    . . .     SeeInvis .   E - +2 demon trident (antimagic)
rCold    + + .     Faith    +   x - +0 tower shield
rNeg     . . .     Spirit   .   (helmet restricted)
rPois    +         Reflect  .   r - amulet of Royalty {Faith Contam rC++ Str+4 Dex+4}
rElec    .         Harm     .   D - +6 ring of dexterity
rCorr    .         Rampage  .   P - ring of poison resistance
Will     .....                  (no ring)
Stlth    ++++......             (no ring)
HPRegen  0.23/turn              (no ring)
MPRegen  0.09/turn              (no ring)
                                (no ring)
                                (no ring)

@: no status effects
A: almost no armour, amphibious, 8 rings, camouflage 1, gelatinous body 1,
nimble swimmer 1, tentacles
a: Renounce Religion, Depart the Abyss, Bend Space, Banish, Corrupt, Enter the
Abyss


You were on level 8 of the Dungeon.
You worshipped Lugonu.
Lugonu was extremely pleased with you.
You visited 1 branch of the dungeon, and saw 8 of its levels.
You visited the Abyss 1 time.
You also visited: Sewer and Bailey.

You collected 536 gold pieces.
You spent 104 gold pieces at shops.


Innate Abilities, Weirdness & Mutations

You cannot wear most types of armour.
You are amphibious.
You can wear up to eight rings at the same time.
Your skin changes colour to match your surroundings (Stealth+).
Your rubbery body absorbs attacks. (AC +1, EV +1)
You are camouflaged near water. (Stealth+)
You have tentacles for arms and can constrict up to eight enemies at once.


   Skills:
 + Level 8.7 Fighting
 + Level 7.7 Polearms
 + Level 8.4 Dodging
 + Level 5.9 Shields
 + Level 9.1 Invocations


You had 10 spell levels left.
You didn't know any spells.
Your spell library contained the following spells:

 Spells                   Type           Power      Damage    Failure   Level
 Magic Dart               Conj           0%         1d3       97%         1
 Sandblast                Erth           0%         2d4       97%         1
 Blink                    Tloc           N/A        N/A       99%         2
 Call Imp                 Summ           0%         N/A       99%         2
 Passwall                 Tmut/Erth      0%         N/A       99%         2
 Slow                     Hex            0%         N/A       99%         2
 Conjure Flame            Conj/Fire      0%         6-21      100%        3
 Mephitic Cloud           Conj/Pois/Air  0%         N/A       100%        3
 Stone Arrow              Conj/Erth      0%         3d7       100%        3
 Petrify                  Tmut/Erth      0%         N/A       100%        4
 Lee's Rapid Deconstruct  Erth           0%         3d5*      100%        5

Inventory:

Hand Weapons
 p - the +1 quarterstaff "Toenow" {vorpal, rPois Int+4}
   (You found it in a bailey)

   It inflicts extra damage upon your enemies.
   It affects your intelligence (+4).
   It protects you from poison.
 y - the +7 falchion "Huic" {elec, rElec rC+}
   (You found it in a bailey)

   Occasionally, upon striking a foe, it can discharge electrical energy and
   cause terrible harm.
   It protects you from cold.
   It insulates you from electricity.
 E - a +2 antimagic demon trident (weapon)
   (You acquired it in a bailey)
Missiles
 a - 2 curare-tipped darts {=f}
 b - 199 sling bullets
 e - 300 stones
 h - 157 arrows
 o - 3 javelins
 t - 3 boomerangs of dispersal {=f!f}
 v - 65 poisoned darts
 C - 5 boomerangs
 H - 61 bolts
Armour
 x - a +0 tower shield (worn)
   (You found it on level 7 of the Dungeon)
 G - a +0 kite shield
   (You found it on level 5 of the Dungeon)
Jewellery
 g - an amulet of regeneration
   (You found it on level 8 of the Dungeon)
 r - the amulet of Royalty (around mantle) {Faith Contam rC++ Str+4 Dex+4}
   (You acquired it on level 3 of the Dungeon)

   [amulet of faith]

   It allows you to gain divine favour quickly.
   It affects your strength (+4).
   It affects your dexterity (+4).
   It greatly protects you from cold.
   It causes magical contamination when unequipped.
 D - a +6 ring of dexterity (left tentacle)
   (You found it on level 3 of the Dungeon)
 P - a ring of poison resistance (right tentacle)
   (You found it on level 6 of the Dungeon)
Wands
 c - a wand of mindburst (1)
   (You found it on level 2 of the Abyss)
 d - a wand of acid (8)
   (You found it on level 2 of the Abyss)
Scrolls
 l - 3 scrolls of teleportation {@r4}
 m - a scroll of fear
 A - 3 scrolls of silence {!r}
 B - a scroll of identify {@r1}
 F - a scroll of amnesia
 J - a scroll of torment {unknown}
Potions
 f - 4 potions of haste {@q3}
 i - 4 potions of flight
 j - a potion of magic {unknown}
 k - 2 potions of lignification {!q}
 n - 2 potions of brilliance
 q - 2 potions of curing {@q1}
 s - 3 potions of might
 u - 2 potions of resistance
 w - a potion of ambrosia {unknown}
 z - 4 potions of attraction {unknown}
 I - a potion of invisibility {unknown}

Dungeon Overview and Level Annotations

Branches:
Dungeon (8/15)             Temple (0/1) D:6           Sewer (visited)
 Bailey (visited)
   Lair: D:8-11

Altars:
Kikubaaqudgha

Shops:
D:2 [ D:3

! #######...... ###≈≈≈≈≈≈≈≈...≈
##≈≈≈≈≈≈≈≈≈≈≈...
##≈≈≈≈######≈≈≈.. #####
####≈≈≈8##....##≈≈≈. #...#
#..≈≈≈.##......##÷≈. #[..#
#.≈≈≈.8#..####..#≈≈. #...#
#.≈≈{..'..#))#.o#≈≈. #...####
#.≈@Y..'..#.['..#≈≈.
##......###.†≈≈.8#..####..#≈≈.
#...###..#...≈≈≈.##......##≈≈.
#.#..###...#..≈≈≈8##....##≈≈≈.
#'########..##[≈≈≈≈######≈≈≈..
##....≈# #..##..≈≈≈≈≈≈≈≈≈≈≈...
#....≈# #.......#≈≈≈≈≈≈≈≈....
###....≈###.###.............##.
#.#≈≈≈≈≈#.#.# #................


You could see a catoblepas.


Message History

You hit the hornet zombie.
You destroy the hornet zombie!
Lugonu accepts your kill.
You start resting.
The catoblepas bellows! 😎 HP[+18]
Your hp is fully restored (78).
You see here a +0 club.
You see here a +0 short sword.
Things that are here:
a +0 dagger; a +0 ring mail; a +0 dagger
Things that are here:
a +0 plate armour; a +0 battleaxe A bullfrog comes into view.
The bullfrog gives a loud, deep croak!
You reach to attack!
You puncture the bullfrog! The bullfrog hits you. 😕 HP[-2]
You take 2 damage, and now have 76/78 hp.
You hit the bullfrog. Your grab misses the bullfrog.
You block the bullfrog's attack. The bullfrog hits you. 😕 HP[-2]
You take 2 damage, and now have 74/78 hp.
You barely miss the bullfrog. Your grab misses the bullfrog.
You squeeze the bullfrog!
You kill the bullfrog!
Lugonu accepts your kill.
No target in view!
Key pressed, stopping explore.
You now have 432 gold pieces (gained 24).
Key pressed, stopping explore.
No target in view! 😎 HP[+4]
Your hp is fully restored (78).
A jelly is nearby!
You reach to attack!
The helpless jelly fails to defend itself.
You impale the jelly!!
You kill the jelly!
Lugonu accepts your kill.
No target in view!
No target in view!
An electric eel is nearby!
Unknown command.
You barely miss the electric eel. You grab the electric eel.
Your squeeze misses the electric eel. You constrict the electric eel.
The electric eel shoots out a bolt of lightning at you!
The bolt of electricity hits you! x2
The bolt of electricity hits the electric eel.
The electric eel completely resists. 😮 HP[-25]
You take 25 damage, and now have 53/78 hp.
MASSIVE DAMAGE!! (PAUSE)
You puncture the electric eel! You constrict the electric eel.
You kill the electric eel!
Lugonu accepts your kill.
You hear a splash. 😮 HP[+1]
The orc wizard mumbles some strange words.
The orc wizard flickers and vanishes!
Deactivating autopickup; reactivate with Ctrl-A. 😮 HP[+1]
You start resting. 😎 HP[+23]
Your hp is fully restored (78).
The catoblepas bellows!
Aiming: Corrosive Bolt
Press: ? - help, Shift-Dir - straight line, f - you
Okay, then.
Aiming: Mindburst
Press: ? - help, Shift-Dir - straight line, f - catoblepas
Aim: a catoblepas (chance to affect: 7%)
Okay, then.
You see here an electric eel corpse.
Reach: E) +2 demon trident (antimagic)
Press: ? - help, Dir - move target, f - catoblepas
Aim: a catoblepas (about 8% to evade your +2 antimagic demon trident)
You reach to attack!
You puncture the catoblepas!
The orc wizard shouts!
You hit the catoblepas. The catoblepas closely misses you.
You hit the catoblepas but do no damage.
You squeeze the catoblepas. You block the catoblepas's attack.
The catoblepas barely misses you.
You puncture the catoblepas! The catoblepas gores you!! 😮 HP[-20]
You take 20 damage, and now have 58/78 hp.
MASSIVE DAMAGE!! (PAUSE)
You hit the catoblepas. You squeeze the catoblepas.
The catoblepas closely misses you. 😕 HP[+1]
You puncture the catoblepas! The catoblepas gores you!!
* * * LOW HITPOINT WARNING * * *
The orc wizard gestures wildly while chanting.
The orc wizard flickers and vanishes!
The catoblepas completely misses you. 😨 HP[-29]
You take 29 damage, and now have 30/78 hp.
MASSIVE DAMAGE!! (PAUSE)
You hit the catoblepas. Something hits you.
* * * LOW HITPOINT WARNING * * *
The catoblepas gores you!!
You die...

Skill      XL: |  1  2  3  4  5  6  7  8  9 10 11 |
---------------+----------------------------------+-----
Dodging        | 3 4 6 7 8 |  8.4
Invocations    | 3 4 5 6 7 8 9 |  9.1
Polearms       | 3 4 5 6 7 |  7.7
Fighting       | 4 5 6 7 8 |  8.7
Shields        | 3 5 |  5.9

Action                   |  1- 3 |  4- 6 |  7- 9 | 10-12 || total
-------------------------+-------+-------+-------+-------++-------
Melee: Spear             |    80 |    21 |       |       ||   101
       Constrict         |    16 |    22 |    44 |    42 ||   124
       Tentacles         |    10 |    19 |    47 |    58 ||   134
       Whip              |       |    73 |   175 |    11 ||   259
       Demon trident     |       |       |       |   168 ||   168
       Falchion          |       |       |       |    29 ||    29
Throw: Stone             |       |     4 |       |       ||     4
       Javelin           |       |     7 |     4 |       ||    11
       Boomerang         |       |     1 |       |       ||     1
       Dart              |       |       |     9 |     5 ||    14
Invok: Depart the Abyss  |     1 |       |       |       ||     1
       Bend Space        |       |     2 |     5 |     2 ||     9
       Banish            |       |       |     3 |       ||     3
Evoke: Wand              |       |     4 |    17 |     6 ||    27
  Use: Scroll            |     1 |     5 |     9 |     7 ||    22
       Potion            |       |       |     6 |       ||     6
 Stab: Sleeping          |     9 |     2 |    17 |    15 ||    43
       Distracted        |       |       |       |     4 ||     4
Armor: Skin              |     3 |     4 |    10 |     3 ||    20
Dodge: Dodged            |    21 |    41 |   159 |    73 ||   294
Block: Kite shield       |       |       |    24 |    39 ||    63
       Tower shield      |       |       |       |    56 ||    56
       Rpst.: Falchion   |       |       |       |     4 ||     4

Levels and vault maps discovered:
D:1:      dpeg_arrival_lava_temple_mockup, layout_basic, basic_ecumenical_altar
D:2:      layout_loops_ring, serial_shops, shop
D:3:      layout_rooms, lemuel_doored_altar, serial_glass, glass_columns_b,
          glass_columns_a, feat_on_display, due_unseen_surprise,
          minmay_strange_pillars, minmay_strange_pillars, serial_shops,
          nicolae_shop_waterfront, uniq_natasha
D:4:      layout_loops_ring
D:5:      layout_loops_ring, gup_sewer_entry_spiral, dk_rats_in_the_wall
D:6:      layout_loops_ring, minmay_temple_entry_crystal_x, uniq_maggie
D:7:      layout_loops_ring, enter_bailey_3, serial_bayou_ford_a,
          wad_rectangle_vault, uniq_pikel, uniq_crazy_yiuf_cottage,
          uniq_menkaure
D:8:      layout_rooms, serial_rivers, chequers_serial_rivers_room_a,
          chequers_serial_rivers_micro_a, chequers_serial_rivers_small_b,
          chequers_serial_rivers_large_a, chequers_serial_rivers_large_b,
          chequers_serial_rivers_marsh, kennysheep_island_fort

Notes
Turn   | Place    | Note
-------+----------+-------------------------------------------
     0 | Abyss:1  | spiderkeys the Octopode Abyssal Knight began the quest for
                  | the Orb.
     0 | Abyss:1  | Reached XP level 1. HP: 16/16 MP: 2/2
     0 | Abyss:1  | magus.rc [v1.9.10]
     8 | Abyss:1  | Found an ornate altar of the Wu Jian Council.
    98 | Abyss:1  | Found a corrupted altar of Lugonu.
   184 | Abyss:2  | Found a corrupted altar of Lugonu.
   189 | Abyss:2  | Noticed a tentacled starspawn
   218 | Abyss:2  | Noticed a small abomination
   220 | Abyss:2  | Noticed a thrashing horror
   221 | D:1      | You pass through the gate.
   221 | D:1      | Escaped the Abyss
   246 | D:1      | You pick up a book of Minor Magic and begin reading...
   246 | D:1      | You add the spells Magic Dart, Blink, Call Imp, Slow,
                  | Conjure Flame and Mephitic Cloud to your library.
   611 | D:1      | Reached XP level 2. HP: 21/21 MP: 3/3
   652 | D:1      | Found a faded altar of an unknown god.
   968 | D:1      | Reached * piety under Lugonu
  1803 | D:2      | Reached XP level 3. HP: 21/26 MP: 4/4
  2335 | D:2      | Found Keczed's Armour Shoppe.
  2399 | D:2      | Reached skill level 3 in Dodging
  2399 | D:2      | Reached XP level 4. HP: 29/31 MP: 6/6
  2819 | D:3      | Noticed Natasha
  2835 | D:2      | Killed Natasha
  2836 | D:2      | Reached skill level 3 in Invocations
  3295 | D:3      | Reached skill level 3 in Polearms
  3476 | D:3      | Reached XP level 5. HP: 36/37 MP: 7/7
  3583 | D:3      | Found Efocupp's Distillery.
  3597 | D:3      | Bought a potion of heal wounds for 65 gold pieces
  3597 | D:3      | Bought a potion of curing for 39 gold pieces
  3827 | D:2      | Noticed Natasha
  3835 | D:2      | Killed Natasha
  3929 | D:2      | Noticed Natasha
  3934 | D:2      | Killed Natasha
  3977 | D:3      | Reached skill level 4 in Fighting
  4200 | D:3      | Reached ** piety under Lugonu
  4385 | D:3      | Reached XP level 6. HP: 32/43 MP: 8/8
  4700 | D:3      | Found an ancient bone altar of Kikubaaqudgha.
  4810 | D:3      | Identified a scroll of acquirement
  4811 | D:3      | Acquired the amulet of Royalty {Faith Contam rC++ Str+4
                  | Dex+4}
  4884 | D:4      | HP: 6/43 [acid (8)]
  4886 | D:4      | Reached skill level 4 in Invocations
  5255 | D:4      | Noticed a wyvern
  5264 | D:4      | Killed a wyvern
  5265 | D:4      | Reached skill level 4 in Polearms
  5265 | D:4      | Reached skill level 4 in Dodging
  5265 | D:4      | Reached XP level 7. HP: 31/49 MP: 8/10
  5743 | D:4      | Reached skill level 5 in Fighting
  5903 | D:4      | Reached *** piety under Lugonu
  6213 | D:4      | Reached skill level 5 in Invocations
  6298 | D:5      | Entered Level 5 of the Dungeon
  6304 | D:5      | Reached XP level 8. HP: 31/55 MP: 11/11
  6481 | D:5      | Reached skill level 5 in Dodging
  6699 | D:5      | Reached skill level 5 in Polearms
  6795 | D:5      | Found a glowing drain.
  6799 | Sewer    | Entered a sewer
  7208 | Sewer    | Reached **** piety under Lugonu
  7671 | D:5      | HP: 9/57 [killer bee (10)]
  7674 | D:5      | Reached skill level 6 in Fighting
  7674 | D:5      | Reached skill level 6 in Invocations
  8133 | D:5      | You fall into a shaft and drop 3 floors!
  8186 | D:8      | Reached skill level 6 in Dodging
  8186 | D:8      | Reached XP level 9. HP: 62/62 MP: 13/13
  8197 | D:7      | Reached skill level 1 in Shields
  8360 | D:7      | Found a flagged portal.
  8412 | Bailey   | Entered a bailey
  8810 | Bailey   | Found an iron altar of Okawaru.
  8810 | Bailey   | Noticed an orc sorcerer
  8810 | Bailey   | Noticed an orc high priest
  8814 | Bailey   | Noticed a hellwing
  8815 | Bailey   | Banished an orc high priest
  8816 | Bailey   | Reached skill level 6 in Polearms
  8816 | Bailey   | Reached skill level 2 in Shields
  8820 | Bailey   | Paralysed by an orc sorcerer for 2 turns
  8829 | Bailey   | Killed an orc sorcerer
  8830 | Bailey   | Reached skill level 7 in Fighting
  8830 | Bailey   | Reached skill level 3 in Shields
  8830 | Bailey   | Reached skill level 7 in Invocations
  8974 | Bailey   | HP: 10/64 [orc warrior (15)]
  8982 | Bailey   | HP: 16/64 [hobgoblin (5)]
  9000 | Bailey   | HP: 11/64 [gnoll (8)]
  9358 | Bailey   | Noticed an orc knight
  9360 | Bailey   | Banished an orc knight
  9361 | Bailey   | Reached skill level 7 in Dodging
  9361 | Bailey   | Reached XP level 10. HP: 71/71 MP: 10/15
  9362 | Bailey   | Reached skill level 4 in Shields
  9410 | Bailey   | Identified the +1 quarterstaff "Toenow" {vorpal, rPois
                  | Int+4}
  9412 | Bailey   | Identified the +7 falchion "Huic" {elec, rElec rC+}
  9758 | Bailey   | Reached skill level 8 in Invocations
 10083 | Bailey   | Acquired a +0 antimagic demon trident
 10137 | Bailey   | Identified the +4 plate armour of the Trout {rF- Will+++
                  | Regen+ Stlth+}
 10252 | D:6      | Found a staircase to the Ecumenical Temple.
 10551 | D:6      | Noticed Maggie
 10566 | D:6      | Killed Maggie
 10567 | D:6      | Reached skill level 8 in Fighting
 10750 | D:6      | Reached skill level 7 in Polearms
 10883 | D:6      | You pick up a book of Geomancy and begin reading...
 10883 | D:6      | You add the spells Sandblast, Passwall, Stone Arrow,
                  | Petrify and Lee's Rapid Deconstruction to your library.
 11015 | D:6      | Reached skill level 5 in Shields
 11776 | D:7      | Noticed Pikel
 11848 | D:7      | Reached skill level 8 in Dodging
 11980 | D:7      | Killed Pikel
 11980 | D:7      | Reached ***** piety under Lugonu
 12097 | D:7      | Reached XP level 11. HP: 78/78 MP: 5/17
 12240 | D:7      | Noticed Menkaure
 12249 | D:7      | Killed Menkaure
 12335 | D:7      | Found a runed translucent door.
 12336 | D:7      | Noticed Crazy Yiuf
 12512 | D:7      | Killed Crazy Yiuf
 12846 | D:8      | Reached skill level 9 in Invocations
 12965 | D:8      | You pick up a book of Geomancy and begin reading...
 13228 | D:8      | Noticed a catoblepas
 13925 | D:8      | Slain by a catoblepas

Vanquished Creatures
  Pikel (D:7)
  An orc sorcerer (Bailey)
  Maggie (D:6)
  A hornet (D:8)
  A wyvern (D:4)
  Menkaure (D:7)
  A water moccasin (D:7)
  12 orc warriors
  2 black bears
  A hornet zombie (D:8)
  3 ogres
  An ice beast (D:7)
  4 centaurs
  A lemure (D:7)
  2 phantoms (D:6)
  4 kobold brigands
  3 bullfrogs
  2 scorpions
  A wyvern skeleton (D:6)
  A wyvern zombie (D:7)
  6 killer bees (D:5)
  2 howler monkeys
  A wight (D:7)
  10 electric eels
  3 bullfrog zombies
  3 jellies
  3 hounds (D:5)
  2 centaur skeletons
  5 orc priests
  Crazy Yiuf (D:7)
  4 iguanas
  Natasha (thrice) (D:2)
  5 orc wizards
  A killer bee zombie (D:5)
  A hound skeleton (D:4)
  8 gnolls
  9 adders
  A howler monkey skeleton (D:5)
  2 white imps (D:6)
  2 ufetubi
  2 dart slugs
  3 worms
  26 orcs
  11 ball pythons
  5 bats
  4 endoplasms
  4 giant cockroaches
  27 goblins
  16 hobgoblins
  35 kobolds
  5 quokkas (D:5)
  4 frilled lizards
  9 rats
267 creatures vanquished.

Vanquished Creatures (others)
  A hobgoblin (Bailey)
1 creature vanquished.

Grand Total: 268 creatures vanquished

Table legend:
 A = Non-vault XP
 B = Vault XP
 C = Vault XP percentage of total XP
 D = Non-vault monster count
 E = Vault monster count
 F = Vault count percentage of total count
                 A         B        C        D         E       F
            +---------+---------+-------+---------+---------+-------
      Total |    5037 |    5818 |  53.6 |     179 |      90 |  33.5
            +---------+---------+-------+---------+---------+-------
        D:1 |      30 |       0 |   0.0 |      19 |       0 |   0.0
        D:2 |     146 |      35 |  19.3 |      25 |       1 |   3.8
        D:3 |     141 |       0 |   0.0 |      26 |       0 |   0.0
        D:4 |     761 |       0 |   0.0 |      34 |       0 |   0.0
        D:5 |     910 |      24 |   2.6 |      18 |       7 |  28.0
        D:6 |    1158 |     428 |  27.0 |      23 |       1 |   4.2
        D:7 |     536 |    1192 |  69.0 |       9 |      13 |  59.1
        D:8 |    1355 |     125 |   8.4 |      25 |       1 |   3.8
      Sewer |       0 |     224 | 100.0 |       0 |      24 | 100.0
     Bailey |       0 |    3790 | 100.0 |       0 |      43 | 100.0
            +---------+---------+-------+---------+---------+-------

Illustrated notes

Table legend:
 A = Kills in this place as a percentage of kills in entire the game.
 B = Kills by you in this place as a percentage of kills by you in the entire game.
 C = Kills by friends in this place as a percentage of kills by friends in the entire game.
 D = Other kills in this place as a percentage of other kills in the entire game.
 E = Experience gained in this place as a percentage of experience gained in the entire game.
 F = Experience gained in this place divided by the number of levels of this place that you have seen.
                   A       B       C       D       E      F
               +-------+-------+-------+-------+-------+----------------------
         Total | 100.0 | 100.0 |   N/A | 100.0 | 100.0 | 904.6
       Dungeon |  75.1 |  75.9 |   N/A |   0.0 |  63.0 | 855.1
         Sewer |   8.9 |   9.0 |   N/A |   0.0 |   2.1 | 224.0
        Bailey |  16.0 |  15.0 |   N/A | 100.0 |  34.9 | 3790.0
               +-------+-------+-------+-------+-------+----------------------

Table legend: (Time is in decaauts)
 A = Elapsed time spent in this place.
 B = Non-inter-level travel time spent in this place.
 C = Inter-level travel time spent in this place.
 D = Time resting spent in this place.
 E = Time spent auto-exploring this place.
 F = Levels seen in this place.
 G = Mean time per level.
                   A        B        C        D        E       F      G
               +--------+--------+--------+--------+--------+-----+--------+
         Total |  14042 |  12968 |   1074 |   2735 |   7587 |  12 | 1170.2 |
       Dungeon |  11413 |  10339 |   1074 |   1869 |   6592 |   8 | 1426.6 |
         Abyss |    220 |    220 |      0 |      0 |    143 |   2 |  110.0 |
         Sewer |    641 |    641 |      0 |      0 |    526 |   1 |  641.0 |
        Bailey |   1767 |   1767 |      0 |    866 |    326 |   1 | 1767.0 |
               +--------+--------+--------+--------+--------+-----+--------+

Top non-repeatable levels by time:
     D:2: 2221 daAuts
  Bailey: 1767 daAuts
     D:1: 1557 daAuts
     D:5: 1548 daAuts
     D:7: 1523 daAuts
     D:4: 1378 daAuts
     D:8: 1260 daAuts
     D:6: 985 daAuts
     D:3: 938 daAuts
   Sewer: 641 daAuts
 Abyss:1: 151 daAuts
 Abyss:2: 69 daAuts
